| TOP OF THE 1ST |
|
Kansas City Royals batting - Pitching for Chicago White Sox : LHP Jaden Asante
|
|
Pitching: LHP Jaden Asante
|
|
|
Batting: RHB Mike Jaquez
|
0-0: Called Strike 0-1: Ball 1-1: Ball 2-1: Called Strike 2-2: Ball 3-2: Strikes out swinging
|
|
Batting: RHB Imbart Faber
|
0-0: SINGLE (Groundball, 34D, EV 107.5 MPH)
|
|
Batting: LHB Mike Meyerhoff
|
0-0: Called Strike 0-1: Ball 1-1: Ball 2-1: SINGLE (Flyball, 34D, EV 93.8 MPH) Imbart Faber to second
|
|
Batting: SHB Tony Prado
|
0-0: Ball 1-0: Called Strike 1-1: Grounds into double play, 6-4-3 (Groundball, 6, EV 85.6 MPH)
|
| Top of the 1st over - 0 runs, 2 hits, 0 errors, 1 left on base; Kansas City 0 - Chicago 0 |
| BOTTOM OF THE 1ST |
|
Chicago White Sox batting - Pitching for Kansas City Royals : RHP Oscar Banda
|
|
Pitching: RHP Oscar Banda
|
|
|
Batting: SHB Dan Lash
|
0-0: Hit by Pitch
|
|
Pinch Runner at 1st Leo Navarro:
|
|
|
Batting: LHB Antonio Figueroa
|
0-0: Ball 1-0: Ball 2-0: Called Strike 2-1: Called Strike 2-2: Foul Ball, location: 2F 2-2: Foul Ball, location: 2F 2-2: Ball 3-2: Fielders Choice at 2nd, 6-4 (Groundball, 6M, EV 83.8 MPH)
|
|
Batting: LHB Randy Rosenberry
|
0-0: Called Strike 0-1: Ball 1-1: Ball 2-1: Foul Ball, location: 2F 2-2: Ball 3-2: Strikes out swinging
|
|
Batting: SHB Cesar Herrera
|
0-0: Called Strike 0-1: Ball 1-1: Ball 2-1: Ball 3-1: Called Strike 3-2: Base on Balls Antonio Figueroa to second
|
|
Batting: LHB Jack Christie
|
0-0: Ball 1-0: Swinging Strike 1-1: Foul Ball, location: 2F 1-2: Ball 2-2: Foul Ball, location: 2F 2-2: Strikes out swinging
|
| Bottom of the 1st over - 0 runs, 0 hits, 0 errors, 2 left on base; Kansas City 0 - Chicago 0 |
| TOP OF THE 2ND |
|
Kansas City Royals batting - Pitching for Chicago White Sox : LHP Jaden Asante
|
|
Now at 2B: Leo Navarro
|
|
|
Batting: RHB Aaron Matthews
|
0-0: Ball 1-0: Called Strike 1-1: Swinging Strike 1-2: Strikes out looking
|
|
Batting: RHB Adam Martin
|
0-0: Ball 1-0: Ball 2-0: Called Strike 2-1: DOUBLE (Line Drive, 89D, EV 105.0 MPH)
|
|
Batting: LHB Zion Davidson
|
0-0: Ground out 4-3 (Groundball, 4S, EV 85.6 MPH) Adam Martin to third
|
|
Batting: RHB Alberto Rosales
|
0-0: SINGLE (Groundball, 56S, EV 68.1 MPH) (infield hit) Adam Martin scores
|
|
Batting: RHB Avery Maxwell
|
0-0: Called Strike 0-1: Fly out, F8 (Flyball, 78D, EV 99.4 MPH)
|
| Top of the 2nd over - 1 run, 2 hits, 0 errors, 1 left on base; Kansas City 1 - Chicago 0 |
| BOTTOM OF THE 2ND |
|
Chicago White Sox batting - Pitching for Kansas City Royals : RHP Oscar Banda
|
|
Batting: RHB Hiroshige Yamada
|
0-0: Ball 1-0: Ball 2-0: Called Strike 2-1: Called Strike 2-2: Foul Ball, location: 2F 2-2: Fly out, F7 (Flyball, 78D, EV 107.5 MPH)
|
|
Batting: LHB Brian Feher
|
0-0: Fly out, F5 (Line Drive, 5, EV 65.6 MPH)
|
|
Batting: RHB Rocky Campbell
|
0-0: Swinging Strike 0-1: Swinging Strike 0-2: Ball 1-2: SINGLE (Line Drive, 9S, EV 108.1 MPH)
|
|
Batting: RHB Steve Castleberry
|
0-0: Called Strike Rocky Campbell steals 2nd base (no throw) 0-1: Swinging Strike 0-2: Ball 1-2: Strikes out swinging
|
| Bottom of the 2nd over - 0 runs, 1 hit, 0 errors, 1 left on base; Kansas City 1 - Chicago 0 |
| TOP OF THE 3RD |
|
Kansas City Royals batting - Pitching for Chicago White Sox : LHP Jaden Asante
|
|
Batting: RHB Mike Jaquez
|
0-0: Ball 1-0: Foul Ball, location: 2F 1-1: Called Strike 1-2: Strikes out looking
|
|
Batting: RHB Imbart Faber
|
0-0: Ground out 3-1 (Groundball, 34, EV 87.5 MPH)
|
|
Batting: LHB Mike Meyerhoff
|
0-0: Ball 1-0: Called Strike 1-1: Ball 2-1: Ball 3-1: Fly out, F9 (Flyball, 89D, EV 99.4 MPH)
|
| Top of the 3rd over - 0 runs, 0 hits, 0 errors, 0 left on base; Kansas City 1 - Chicago 0 |
| BOTTOM OF THE 3RD |
|
Chicago White Sox batting - Pitching for Kansas City Royals : RHP Oscar Banda
|
|
Batting: RHB Leo Navarro
|
0-0: Ground out 5-3 (Groundball, 56, EV 110.6 MPH)
|
|
Batting: LHB Antonio Figueroa
|
0-0: Called Strike 0-1: Foul Ball, location: 2F 0-2: SINGLE (Groundball, 4M, EV 100.0 MPH) (infield hit)
|
|
Batting: LHB Randy Rosenberry
|
0-0: Swinging Strike 0-1: Ball 1-1: Ball 2-1: Ball 3-1: Foul Ball, location: 2F 3-2: Foul Ball, location: 2F 3-2: Fly out, F8 (Flyball, 8LS, EV 88.1 MPH)
|
|
Batting: SHB Cesar Herrera
|
0-0: Ball 1-0: Ball 2-0: Ground out 2-3 (Groundball, 13S, EV 70.0 MPH)
|
| Bottom of the 3rd over - 0 runs, 1 hit, 0 errors, 1 left on base; Kansas City 1 - Chicago 0 |
| TOP OF THE 4TH |
|
Kansas City Royals batting - Pitching for Chicago White Sox : LHP Jaden Asante
|
|
Batting: SHB Tony Prado
|
0-0: Foul Ball, location: 2F 0-1: Called Strike 0-2: Foul Ball, location: 2F 0-2: Ball 1-2: Ground out 6-3 (Groundball, 6, EV 100.6 MPH)
|
|
Batting: RHB Aaron Matthews
|
0-0: Ball 1-0: Called Strike 1-1: SINGLE (Line Drive, 78S, EV 110.0 MPH)
|
|
Batting: RHB Adam Martin
|
0-0: Ball 1-0: Foul Ball, location: 2F 1-1: Called Strike 1-2: Ball 2-2: Ball 3-2: Fly out, F7 (Flyball, 7LS, EV 83.1 MPH)
|
|
Batting: LHB Zion Davidson
|
0-0: Foul Ball, location: 2F 0-1: Ball 1-1: DOUBLE (Line Drive, 89D, EV 107.5 MPH) Aaron Matthews to third Runner from 3rd tries for Home, SAFE, no throw by RF
|
|
Batting: RHB Alberto Rosales
|
0-0: Ball 1-0: Called Strike 1-1: Foul Ball, location: 2F 1-2: Foul Ball, location: 2F 1-2: Strikes out swinging
|
| Top of the 4th over - 1 run, 2 hits, 0 errors, 1 left on base; Kansas City 2 - Chicago 0 |
| BOTTOM OF THE 4TH |
|
Chicago White Sox batting - Pitching for Kansas City Royals : RHP Oscar Banda
|
|
Batting: LHB Jack Christie
|
0-0: Foul Ball, location: 2F 0-1: Ball 1-1: Ball 2-1: Called Strike 2-2: SOLO HOME RUN (Flyball, 9D, EV 102.5 MPH), Distance : 383 ft
|
|
Batting: RHB Hiroshige Yamada
|
0-0: Ball 1-0: Ball 2-0: Swinging Strike 2-1: Ball 3-1: Base on Balls
|
|
Batting: LHB Brian Feher
|
0-0: Ball 1-0: Ball 2-0: Fly out, F9 (Line Drive, 9D, EV 92.5 MPH)
|
|
Batting: RHB Rocky Campbell
|
0-0: Called Strike 0-1: Ball 1-1: Ball 2-1: Ball 3-1: Grounds into double play, 6-4-3 (Groundball, 6MD, EV 107.5 MPH)
|
| Bottom of the 4th over - 1 run, 1 hit, 0 errors, 0 left on base; Kansas City 2 - Chicago 1 |
| TOP OF THE 5TH |
|
Kansas City Royals batting - Pitching for Chicago White Sox : LHP Jaden Asante
|
|
Batting: RHB Avery Maxwell
|
0-0: SINGLE (Groundball, 6S, EV 71.9 MPH) (infield hit)
|
|
Batting: RHB Mike Jaquez
|
0-0: Fly out, F8 (Flyball, 8LD, EV 100.0 MPH)
|
|
Batting: RHB Imbart Faber
|
0-0: Ball 1-0: Ball 2-0: Swinging Strike 2-1: SINGLE (Flyball, 34D, EV 95.6 MPH) Avery Maxwell to second
|
|
Batting: LHB Mike Meyerhoff
|
0-0: Called Strike 0-1: TRIPLE (Line Drive, 78XD, EV 113.1 MPH) Avery Maxwell scores Imbart Faber scores
|
|
Batting: SHB Tony Prado
|
0-0: Foul Ball, location: 2F 0-1: Ball 1-1: Ball 2-1: Called Strike 2-2: SINGLE (Line Drive, 5D, EV 104.4 MPH) Mike Meyerhoff scores
|
|
Pitching: RHP Jimmy Seager
|
|
|
Batting: RHB Aaron Matthews
|
0-0: SINGLE (Groundball, 6D, EV 104.4 MPH) Tony Prado to second
|
|
Batting: RHB Adam Martin
|
0-0: Ball 1-0: Fly out, F4 (Popup, 23, EV 92.5 MPH)
|
|
Batting: LHB Zion Davidson
|
0-0: Ball 1-0: Ball 2-0: Called Strike 2-1: Called Strike 2-2: Foul Ball, location: 2F 2-2: Ball 3-2: Foul Ball, location: 2F 3-2: Foul Ball, location: 2F 3-2: Ground out U3 (Groundball, 23, EV 88.8 MPH)
|
| Top of the 5th over - 3 runs, 5 hits, 0 errors, 2 left on base; Kansas City 5 - Chicago 1 |
| BOTTOM OF THE 5TH |
|
Chicago White Sox batting - Pitching for Kansas City Royals : RHP Oscar Banda
|
|
Batting: RHB Steve Castleberry
|
0-0: Ball 1-0: Ball 2-0: Called Strike 2-1: Foul Ball, location: 2F 2-2: Foul Ball, location: 2F 2-2: Foul Ball, location: 2F 2-2: Ball 3-2: Foul Ball, location: 2F 3-2: Foul Ball, location: 2F 3-2: Ground out 6-3 (Groundball, 6, EV 101.2 MPH)
|
|
Batting: RHB Leo Navarro
|
0-0: Ball 1-0: Ground out 6-3 (Groundball, 6M, EV 101.2 MPH)
|
|
Batting: LHB Antonio Figueroa
|
0-0: Swinging Strike 0-1: Ball 1-1: Foul Ball, location: 2F 1-2: Ball 2-2: Foul Ball, location: 2F 2-2: SOLO HOME RUN (Flyball, 78XD, EV 101.2 MPH), Distance : 382 ft
|
|
Batting: LHB Randy Rosenberry
|
0-0: Called Strike 0-1: Ball 1-1: Ball 2-1: Foul Ball, location: 2F 2-2: Ball 3-2: Strikes out looking
|
| Bottom of the 5th over - 1 run, 1 hit, 0 errors, 0 left on base; Kansas City 5 - Chicago 2 |
| TOP OF THE 6TH |
|
Kansas City Royals batting - Pitching for Chicago White Sox : RHP Jimmy Seager
|
|
Batting: RHB Alberto Rosales
|
0-0: Called Strike 0-1: SINGLE (Groundball, 6D, EV 103.1 MPH)
|
|
Batting: RHB Avery Maxwell
|
0-0: Called Strike 0-1: Foul Ball, location: 2F 0-2: Strikes out swinging
|
|
Batting: RHB Mike Jaquez
|
0-0: Called Strike 0-1: Swinging Strike 0-2: Ball 1-2: Ball 2-2: Ball 3-2: Foul Ball, location: 2F 3-2: Foul Ball, location: 2F 3-2: Strikes out looking
|
|
Batting: RHB Imbart Faber
|
0-0: Foul Ball, location: 2F 0-1: Ball 1-1: Called Strike 1-2: Fielders Choice at 2nd, 6-4 (Groundball, 6, EV 103.8 MPH)
|
| Top of the 6th over - 0 runs, 1 hit, 0 errors, 1 left on base; Kansas City 5 - Chicago 2 |
| BOTTOM OF THE 6TH |
|
Chicago White Sox batting - Pitching for Kansas City Royals : RHP Oscar Banda
|
|
Batting: SHB Cesar Herrera
|
0-0: Ball 1-0: Swinging Strike 1-1: Swinging Strike 1-2: Foul Ball, location: 2F 1-2: Ball 2-2: Strikes out swinging
|
|
Pitching: RHP Chris Irvin
|
|
|
Batting: LHB Jack Christie
|
0-0: Ball 1-0: DOUBLE (Line Drive, 78D, EV 113.1 MPH)
|
|
Batting: RHB Hiroshige Yamada
|
0-0: Foul Ball, location: 2F 0-1: Ball 1-1: Called Strike 1-2: Foul Ball, location: 2F 1-2: Ball 2-2: Ground out 4-3 (Groundball, 4, EV 111.2 MPH) Jack Christie to third
|
|
Batting: LHB Brian Feher
|
0-0: Ball 1-0: Swinging Strike 1-1: Called Strike 1-2: Ball 2-2: Ball 3-2: Base on Balls
|
|
Batting: RHB Rocky Campbell
|
0-0: Hit by Pitch Brian Feher to second
|
|
Batting: RHB Steve Castleberry
|
0-0: Called Strike 0-1: Ball 1-1: Ground out 3-1 (Groundball, 34, EV 88.8 MPH)
|
| Bottom of the 6th over - 0 runs, 1 hit, 0 errors, 3 left on base; Kansas City 5 - Chicago 2 |
| TOP OF THE 7TH |
|
Kansas City Royals batting - Pitching for Chicago White Sox : RHP Jimmy Seager
|
|
Pitching: RHP Gerbrand van de Bilt
|
|
|
Batting: LHB Mike Meyerhoff
|
0-0: Called Strike 0-1: Swinging Strike 0-2: Foul Ball, location: 2F 0-2: Strikes out looking
|
|
Batting: SHB Tony Prado
|
0-0: Called Strike 0-1: Ball 1-1: Called Strike 1-2: Foul Ball, location: 2F 1-2: Fly out, F7 (Flyball, 7S, EV 89.4 MPH)
|
|
Batting: RHB Aaron Matthews
|
0-0: Ball 1-0: Foul Ball, location: 2F 1-1: Called Strike 1-2: Strikes out looking
|
| Top of the 7th over - 0 runs, 0 hits, 0 errors, 0 left on base; Kansas City 5 - Chicago 2 |
| BOTTOM OF THE 7TH |
|
Chicago White Sox batting - Pitching for Kansas City Royals : RHP Chris Irvin
|
|
Batting: RHB Leo Navarro
|
0-0: Foul Ball, location: 2F 0-1: Called Strike 0-2: Strikes out looking
|
|
Batting: LHB Antonio Figueroa
|
0-0: Ball 1-0: Ball 2-0: Fly out, F7 (Flyball, 7S, EV 93.1 MPH)
|
|
Batting: LHB Randy Rosenberry
|
0-0: Ball 1-0: Swinging Strike 1-1: Swinging Strike 1-2: Ground out U3 (Groundball, 34S, EV 86.2 MPH)
|
| Bottom of the 7th over - 0 runs, 0 hits, 0 errors, 0 left on base; Kansas City 5 - Chicago 2 |
| TOP OF THE 8TH |
|
Kansas City Royals batting - Pitching for Chicago White Sox : RHP Gerbrand van de Bilt
|
|
Batting: RHB Adam Martin
|
0-0: Fly out, F8 (Flyball, 78S, EV 76.9 MPH)
|
|
Batting: LHB Zion Davidson
|
0-0: Ball 1-0: SINGLE (Groundball, P, EV 94.4 MPH)
|
|
Batting: RHB Alberto Rosales
|
0-0: Ball Zion Davidson steals 2nd base 1-0: Ball 2-0: Foul Ball, location: 2F 2-1: Ball 3-1: Swinging Strike 3-2: Strikes out swinging
|
|
Batting: RHB Avery Maxwell
|
0-0: Foul Ball, location: 2F 0-1: Swinging Strike 0-2: Strikes out looking
|
| Top of the 8th over - 0 runs, 1 hit, 0 errors, 1 left on base; Kansas City 5 - Chicago 2 |
| BOTTOM OF THE 8TH |
|
Chicago White Sox batting - Pitching for Kansas City Royals : RHP Chris Irvin
|
|
Batting: SHB Cesar Herrera
|
0-0: Called Strike 0-1: Ball 1-1: Foul Ball, location: 2F 1-2: Strikes out swinging
|
|
Batting: LHB Jack Christie
|
0-0: Called Strike 0-1: Ball 1-1: Foul Ball, location: 2F 1-2: Ground out 6-3 (Groundball, 4MD, EV 76.9 MPH)
|
|
Batting: RHB Hiroshige Yamada
|
0-0: Called Strike 0-1: Foul Ball, location: 2F 0-2: Ground out 1-3 (Groundball, 15S, EV 64.4 MPH)
|
| Bottom of the 8th over - 0 runs, 0 hits, 0 errors, 0 left on base; Kansas City 5 - Chicago 2 |
| TOP OF THE 9TH |
|
Kansas City Royals batting - Pitching for Chicago White Sox : RHP Gerbrand van de Bilt
|
|
Pitching: RHP Jerry JimAnez
|
|
|
Batting: RHB Mike Jaquez
|
0-0: Ball 1-0: Foul Ball, location: 2F 1-1: Swinging Strike 1-2: Ball 2-2: Strikes out swinging
|
|
Batting: RHB Imbart Faber
|
0-0: Ball 1-0: Foul Ball, location: 2F 1-1: Ball 2-1: Ball 3-1: Called Strike 3-2: Base on Balls
|
|
Batting: LHB Mike Meyerhoff
|
0-0: Ball 1-0: Ball 2-0: Foul Ball, location: 2F 2-1: Swinging Strike 2-2: Ball 3-2: Base on Balls Imbart Faber to second
|
|
Batting: SHB Tony Prado
|
0-0: Swinging Strike 0-1: Ball 1-1: Called Strike 1-2: Fly out, F8 (Flyball, 89S, EV 89.4 MPH)
|
|
Batting: RHB Aaron Matthews
|
0-0: Ball 1-0: Ball 2-0: Called Strike 2-1: Ground out U3 (Groundball, 3L, EV 86.2 MPH)
|
| Top of the 9th over - 0 runs, 0 hits, 0 errors, 2 left on base; Kansas City 5 - Chicago 2 |
| BOTTOM OF THE 9TH |
|
Chicago White Sox batting - Pitching for Kansas City Royals : RHP Chris Irvin
|
|
Pitching: RHP Asa Hahn
|
|
|
Batting: LHB Brian Feher
|
0-0: Ball 1-0: Ball 2-0: Ball 3-0: Called Strike 3-1: Base on Balls
|
|
Batting: RHB Rocky Campbell
|
0-0: Ball 1-0: Foul Ball, location: 2F 1-1: Swinging Strike 1-2: Ball Wild Pitch! Brian Feher to second 2-2: Ball 3-2: Foul Ball, location: 2F 3-2: Fly out, F8 (Flyball, 8RS, EV 76.9 MPH)
|
|
Pinch Hitting: RHB Joseph Disepolo
|
0-0: Ball 1-0: Called Strike 1-1: Ground out U3 (Groundball, 3, EV 104.4 MPH) Brian Feher to third
|
|
Pinch Hitting: LHB Juan Concepcion
|
0-0: Foul Ball, location: 2F 0-1: Foul Ball, location: 2F 0-2: Foul Ball, location: 2F 0-2: Foul Ball, location: 2F 0-2: Ground out 5-3 (Groundball, 15, EV 82.5 MPH)
|
| Bottom of the 9th over - 0 runs, 0 hits, 0 errors, 1 left on base; Kansas City 5 - Chicago 2 |
|